 Dungeon Crawl Stone Soup version 0.30-a0-738-g116ff8c4af (webtiles) character file.

Game seed: 1923801760900915695

280 Leeroy the Slasher (level 6, -2/30 HPs)
             Began as a Vine Stalker Warper on Feb 3, 2023.
             Slain by an adder (4 damage)
             ... in a sewer.
             The game lasted 00:04:52 (2494 turns).

Leeroy the Slasher (Vine Stalker Warper)            Turns: 2494, Time: 00:04:53

Health: -2/30      AC:  5    Str: 13    XL:     6   Next: 27%
Magic:  0/12       EV: 11    Int: 13    God:
Gold:   183        SH:  0    Dex: 16    Spells: 2/11 levels left

rFire   . . .      SeeInvis .    a - +0 falchion
rCold   . . .      Faith    .    (no shield)
rNeg    . . .      Spirit   +    b - +0 leather armour
rPois   .          Reflect  .    g - +0 helmet
rElec   .          Harm     .    l - +0 cloak
rCorr   .          Rampage  .    (no gloves)
Will    .....                    (no boots)
Stlth   +                        (no amulet)
HPRegen 1.05/turn                (no ring)
MPRegen 0.13/turn                (no ring)

@: very slow
A: fangs 2, regeneration 1, magic shield, antimagic bite, no potion heal 2
a: no special abilities


You were in a sewer.
You visited 1 branch of the dungeon, and saw 3 of its levels.
You also visited: Sewer.

You collected 183 gold pieces.

Inventory:

Hand Weapons
 a - a +0 falchion (weapon)
 n - a +1 dagger of venom
Missiles
 d - 7 boomerangs of dispersal (quivered)
 m - 4 curare-tipped darts
Armour
 b - a +0 leather armour (worn)
 g - a +0 helmet (worn)
 l - a +0 cloak (worn)
Scrolls
 c - a scroll of blinking
 h - a scroll of poison
 k - 2 scrolls of fear
 p - a scroll of vulnerability {unknown}
 q - a scroll of fog {unknown}
 s - a scroll of identify
 u - 2 scrolls of teleportation
Potions
 e - 2 potions of might
 f - 2 potions of degeneration
 i - a potion of invisibility {unknown}
 j - a potion of haste
 o - a potion of heal wounds {unknown}
 t - 4 potions of flight


   Skills:
 - Level 1.7 Fighting
 - Level 5.3 Long Blades
 - Level 0.8 Throwing
 - Level 0.7 Armour
 - Level 1.5 Dodging
 * Level 3.4 Spellcasting
 - Level 3.0 Translocations


You had 2 spell levels left.
You knew the following spells:

 Your Spells              Type           Power      Damage    Failure   Level
a - Blink                 Tloc           20%        N/A       12%         2
b - Vhi's Electric Charg  Tloc/Air       12%        N/A       41%         3
c - Manifold Assault      Tloc           10%        N/A       63%         4

Your spell library contained the following spells:

 Spells                   Type           Power      Damage    Failure   Level
 Lesser Beckoning         Tloc           20%        N/A       12%         2
 Gell's Gravitas          Tloc           10%        N/A       24%         3
 Teleport Other           Tloc           10%        N/A       24%         3
 Ignite Poison            Fire/Tmut/Pois 2%         N/A       63%         3
 Sticky Flame             Conj/Fire      2%         2d3       95%         4
 Ignition                 Fire           1%         3d3       100%        8


Dungeon Overview and Level Annotations

Branches:
Dungeon (3/15)              Sewer (1/1)

Altars:
Kikubaaqudgha

Annotations:
D:3 2 transporters, Menkaure


Innate Abilities, Weirdness & Mutations

You have extremely sharp teeth.
Your natural rate of healing is unusually fast.
When hurt, damage is shared between your health and your magic reserves.
Your bite disrupts and absorbs the magic of your enemies.
Potions cannot restore your health.


Message History

You feel very sick. The adder bites you.
* * * LOW HITPOINT WARNING * * *
The adder bites you but does no damage. The adder barely misses you.
The malarious merfolk avatar chants a haunting song.
You resist with some effort.
Your unstable footing causes you to fumble your attack.
You feel sick. The adder misses you. The adder bites you.
* * * LOW HITPOINT WARNING * * *
The adder bites you but does no damage. The adder barely misses you.
The adder bites you but does no damage.
Okay, then.
Okay, then.
It was a potion of curing.
Your system rejects the healing.
You feel better. The adder bites you.
* * * LOW HITPOINT WARNING * * *
The adder bites you but does no damage. The adder barely misses you.
The adder bites you.
* * * LOW HITPOINT WARNING * * *
You closely miss the malarious merfolk avatar.
The malarious merfolk avatar is heavily wounded.
The adder bites you.
* * * LOW HITPOINT WARNING * * *
The adder barely misses you. The adder bites you but does no damage.
The malarious merfolk avatar chants a haunting song.
You are mesmerised by the malarious merfolk avatar!
You barely miss the malarious merfolk avatar.
The malarious merfolk avatar is heavily wounded.
You break out of your daze!
The adder bites you.
* * * LOW HITPOINT WARNING * * *
The adder bites you.
* * * LOW HITPOINT WARNING * * *
You are lethally poisoned!
The adder poisons you! The adder misses you. The adder bites you.
The adder closely misses you.
Unknown command.
Your system rejects the healing.
You feel better. The adder closely misses you. The adder bites you.
You die...

≈≈≈≈≈≈≈~# ≈≈≈≈≈≈~.+
≈≈≈≈≈~~.# #### ≈≈≈≈≈~~.#
#..# ≈≈≈≈≈~~.# #..# #
≈≈≈≈~~~~###..# ####
≈≈~~~~mSS~#..########≈≈≈
≈~~~~~†@S~~~~~≈≈≈≈≈≈≈#~~
≈≈~~~~~~~~#.†#########~.
≈≈≈≈~~~~###..# #≈~..†..
≈≈≈≈≈~~~# ##†## #~~#####
≈≈≈≈≈≈~## #..###..#
≈≈≈≈≈≈≈ ##.†...##
≈≈≈≈≈≈≈ ####### ≈≈≈≈≈≈≈


You could see a malarious merfolk avatar and 3 adders.

Vanquished Creatures
  An orc wizard (D:3)
  A sickly merfolk siren (Sewer)
  7 adders
  4 river rats
  2 worms
  3 dart slugs
  6 orcs (D:3)
  11 ball pythons
  2 bats (D:2)
  3 endoplasms
  7 giant cockroaches
  6 goblins
  5 hobgoblins
  2 jackals (D:2)
  5 quokkas
  8 frilled lizards
  13 kobolds
  37 rats
123 creatures vanquished.

Vanquished Creatures (others)
  4 plants (D:3)
4 creatures vanquished.

Grand Total: 127 creatures vanquished

Notes
Turn   | Place    | Note
-------+----------+-------------------------------------------
     0 | D:1      | Leeroy the Vine Stalker Warper began the quest for the Orb.
     0 | D:1      | Reached XP level 1. HP: 11/11 MP: 4/4
    62 | D:1      | Reached skill level 2 in Long Blades
   246 | D:1      | Reached XP level 2. HP: 6/15 MP: 0/6
   881 | D:2      | Reached skill level 3 in Long Blades
   892 | D:2      | Reached XP level 3. HP: 18/18 MP: 7/7
  1312 | D:2      | Gained mutation: Your natural rate of healing is unusually
                  | fast. [Vine Stalker growth]
  1312 | D:2      | Reached XP level 4. HP: 23/23 MP: 8/8
  1486 | D:2      | Reached skill level 4 in Long Blades
  1668 | D:3      | Found a transporter.
  1670 | D:3      | Found a transporter.
  1848 | D:3      | Reached XP level 5. HP: 19/26 MP: 6/9
  2120 | D:3      | Found an ancient bone altar of Kikubaaqudgha.
  2124 | D:3      | Noticed Menkaure
  2139 | D:3      | Reached skill level 5 in Long Blades
  2171 | D:3      | Found a glowing drain.
  2176 | Sewer    | Entered a sewer
  2321 | Sewer    | Reached XP level 6. HP: 28/30 MP: 7/11
  2327 | Sewer    | Learned a level 2 spell: Blink
  2331 | Sewer    | Learned a level 3 spell: Vhi's Electric Charge
  2336 | Sewer    | Learned a level 4 spell: Manifold Assault
  2493 | Sewer    | HP: 1/30 [adder (1)]
  2494 | Sewer    | Slain by an adder

Illustrated notes

Levels and vault maps discovered:
D:1:      onia_arrival_pentagram, layout_basic,
          nicolae_concentric_dashed_squares_wild, minmay_rat_gold_closets
D:2:      minmay_skewed_foursquare, layout_basic, minmay_misc_feat_x,
          chequers_serial_rivers_micro_c, minmay_pentomino_u2
D:3:      layout_rooms, gammafunk_temple_of_torment, portal_sewer_entry_e,
          minmay_splitting_lines, lexackson_kobold_supper
Sewer:    sewer_sea

Skill      XL: |  1  2  3  4  5  6 |
---------------+-------------------+-----
Long Blades    | 2 3 4 5 |  5.3
Spellcasting   | 3 |  3.4
Fighting       | |  1.7
Throwing       | |  0.8
Armour         | |  0.7
Dodging        | |  1.5
Translocations | |  3.0

Action                     |  1- 3 |  4- 6 || total
---------------------------+-------+-------++-------
  Melee: Falchion          |   108 |   272 ||   380
         Bite              |    23 |    69 ||    92
         Punch             |     2 |     6 ||     8
    Use: Scroll            |       |     5 ||     5
         Potion            |       |     2 ||     2
   Stab: Sleeping          |     2 |       ||     2
 Armour: Leather armour    |    22 |    95 ||   117
  Dodge: Dodged            |    62 |   205 ||   267

Table legend: (Time is in decaauts)
 A = Elapsed time spent in this place.
 B = Non-inter-level travel time spent in this place.
 C = Inter-level travel time spent in this place.
 D = Time resting spent in this place.
 E = Time spent auto-exploring this place.
 F = Levels seen in this place.
 G = Mean time per level.
                   A        B        C        D        E       F      G
               +--------+--------+--------+--------+--------+-----+--------+
         Total |   2550 |   2516 |     34 |      0 |   1688 |   4 |  637.5 |
       Dungeon |   2205 |   2171 |     34 |      0 |   1560 |   3 |  735.0 |
         Sewer |    344 |    344 |      0 |      0 |    128 |   1 |  344.0 |
               +--------+--------+--------+--------+--------+-----+--------+

Top non-repeatable levels by time:
     D:1: 885 daAuts
     D:2: 750 daAuts
     D:3: 569 daAuts
   Sewer: 344 daAuts
